 Dungeon Crawl Stone Soup version 0.31-a0-1074-g0b22e4e0f1 (webtiles) character file.

Game seed: 17771873089768406397

262422 Jeffwins the Geomancer (level 19, 0/154 (171) HPs)
             Began as a Troll Earth Elementalist on Dec 8, 2023.
             Was the Champion of Vehumet.
             Slain by a dire elephant (14 damage)
             ... on level 2 of the Vaults.
             The game lasted 02:16:35 (52258 turns).

Jeffwins the Geomancer (Troll Earth Elementalist)  Turns: 52258, Time: 02:16:36

HP:   0/154 (171)   AC: 10    Str: 21    XL:     19   Next: 22%
MP:   5/31          EV:  8    Int: 23    God:    Vehumet [******]
Gold: 1141          SH: 14    Dex: 10    Spells: 6/37 levels left

rFire   + . .        a - staff of Wondrous Power {+Blink rF+ rC+ SInv Stlth+ Fire}
rCold   + . .        S - +0 kite shield {AC+3}
rNeg    . . .        Q - +0 troll leather armour
rPois   .            B - +2 hat
rElec   .            h - scarf {repulsion}
rCorr   +            (gloves unavailable)
SInv    +            (boots unavailable)
Will    +++..        l - amulet of reflection
Stlth   ++           M - ring "Hutanol" {Will++ rCorr}
HPRegen 2.05/turn    I - +6 ring of intelligence
MPRegen 0.22/turn

%: repel missiles, reflection
@: drained
A: large, unfitting armour, claws 3, regeneration 1, shaggy fur 1, tough skin 1
}: 2/15 runes: decaying, serpentine
a: Renounce Religion, Evoke Blink


You were on level 2 of the Vaults.
You worshipped Vehumet.
Vehumet was exalted by your worship.
You visited 7 branches of the dungeon, and saw 33 of its levels.
You also visited: Sewer and Bailey.

You collected 3856 gold pieces.
You spent 2715 gold pieces at shops.


Innate Abilities, Weirdness & Mutations

You are too large for most types of armour.
You have claws for hands.
Your natural rate of healing is unusually fast.
You are covered in fur. (AC +1)
You have tough skin. (AC +1)


   Skills:
 + Level 7.2 Fighting
 + Level 4.8 Staves
 + Level 5.9 Throwing
 - Level 2.0 Dodging
 - Level 1.0 Stealth
 + Level 6.3 Shields
 - Level 8.0 Unarmed Combat
 * Level 9.6 Spellcasting
 * Level 9.6 Conjurations
 - Level 8.0 Transmutations
 - Level 8.0 Fire Magic
 - Level 8.0 Ice Magic
 - Level 8.0 Air Magic
 * Level 10.6 Earth Magic
 - Level 8.0 Poison Magic
 + Level 6.2 Evocations
 - Level 0.6 Shapeshifting


You had 6 spell levels left.
You knew the following spells:

 Your Spells              Type           Power      Damage    Failure   Level
b - Ozocubu's Refrigerat  Ice            23%        4d12      71%         7
c - Stone Arrow           Conj/Erth      100%       3d13      1%          3
l - Lee's Rapid Deconstr  Erth           28%        3d15*     1%          5
v - Freezing Cloud        Conj/Ice/Air   25%        6-21      3%          5
x - Ignite Poison         Fire/Tmut/Pois 64%        N/A       1%          3
z - Poisonous Vapours     Pois/Air       94%        N/A       1%          2
X - Plasma Beam           Fire/Air       32%        2x1d45    22%         6

Your spell library contained the following spells:

 Spells                   Type           Power      Damage    Failure   Level
 Maxwell's Capacitive Co  Air            23%        ∞         100%        8
 Fire Storm               Conj/Fire      33%        8d9       100%        9
 Shatter                  Erth           28%        3d23*     100%        9
 Freeze                   Ice            100%       1d10      1%          1
 Sandblast                Erth           100%       2d20      1%          1
 Momentum Strike          Conj/Tloc      66%        3d9       1%          2
 Passwall                 Tmut/Erth      43%        N/A       1%          2
 Static Discharge         Conj/Air       100%       3-8/arc   1%          2
 Frozen Ramparts          Ice            94%        1d15      1%          3
 Hailstorm                Conj/Ice       51%        3d11      1%          3
 Ozocubu's Armour         Ice            47%        N/A       1%          3
 Airstrike                Air            23%        2d(4-20)  1%          4
 Brom's Barrelling Bould  Conj/Erth      55%        2d7       1%          4
 Cigotuvi's Dreadful Rot  Necr/Pois/Air  70%        N/A       2%          2
 Inner Flame              Hex/Fire       44%        N/A       2%          3
 Petrify                  Tmut/Erth      52%        N/A       3%          4
 Apportation              Tloc           22%        N/A       16%         1
 Necrotise                Necr           44%        1d6       16%         1
 Slow                     Hex            44%        N/A       16%         1
 Summon Small Mammal      Summ           44%        N/A       16%         1
 Alistair's Intoxication  Tmut/Pois      31%        N/A       16%         5
 Animate Armour           Summ/Erth      70%        N/A       17%         4
 Leda's Liquefaction      Hex/Erth       17%        N/A       17%         4
 Yara's Violent Unravell  Hex/Tmut       14%        3d7       21%         5
 Blink                    Tloc           22%        N/A       22%         2
 Jinxbite                 Hex            22%        N/A       22%         2
 Lesser Beckoning         Tloc           22%        N/A       22%         2
 Summon Lightning Spire   Summ/Air       29%        N/A       28%         4
 Call Canine Familiar     Summ           11%        N/A       41%         3
 Confusing Touch          Hex            11%        N/A       41%         3
 Sigil of Binding         Hex            11%        N/A       41%         3
 Vampiric Draining        Necr           11%        2d6       41%         3
 Dimensional Bullseye     Hex/Tloc       5%         N/A       83%         4
 Dispel Undead            Necr           11%        3d9       83%         4
 Manifold Assault         Tloc           11%        N/A       83%         4
 Agony                    Necr           11%        N/A       99%         5
 Simulacrum               Ice/Necr       14%        N/A       99%         6
 Death Channel            Necr           5%         N/A       100%        6
 Lehudib's Crystal Spear  Conj/Erth      27%        10d7      97%         8
 Enfeeble                 Hex            5%         N/A       100%        7
 Polar Vortex             Ice            23%        12d3*     100%        9

Inventory:

Missiles
 n - 76 poisoned darts (quivered)
 r - a throwing net {=f}
 E - 6 curare-tipped darts {=f}
Armour
 h - a scarf of repulsion (worn)
 A - the +12 tower shield of Disappointment {rPois rF- rC+ rN+}
   (You acquired it on level 4 of the Swamp)

   rF-:       It makes you vulnerable to fire.
   rC+:       It protects you from cold.
   rPois:     It protects you from poison rN+: It protects you from negative
   energy.
 B - a +2 hat (worn)
 G - a +0 kite shield of reflection
 Q - a +0 troll leather armour (worn)
 S - a +0 kite shield of protection (worn)
Magical Staves
 a - the staff of Wondrous Power (weapon) {+Blink rF+ rC+ SInv Stlth+ Fire}
   (You acquired it in a bailey)

   [staff of fire]

   Base accuracy: +5 Base damage: 5 Base attack delay: 1.2 This weapon's minimum
   attack delay (0.6) is reached at skill level 12.
   rF+:       It protects you from fire.
   rC+:       It protects you from cold.
   SInv:      It lets you see invisible.
   +Blink:    It lets you blink.
   Stlth+:    It makes you more stealthy.
   Fire:      It increases the power of your Fire spells.
   It falls into the 'Staves' category.
   It is a one-clawed weapon.
 b - a staff of poison
Jewellery
 l - an amulet of reflection (around neck)
 F - a ring of fire
 I - a +6 ring of intelligence (right claw)
 M - the ring "Hutanol" (left claw) {Will++ rCorr}
   (You acquired it on level 2 of the Orcish Mines)

   [ring of resist corrosion]

   Will++:    It greatly increases your willpower.
   rCorr:     It protects you from acid and corrosion.
 N - a ring of positive energy
Wands
 s - a wand of charming (9)
 J - a wand of digging (8)
 L - a wand of iceblast (37)
 R - a wand of polymorph (23)
 V - a wand of mindburst (15)
 Y - a wand of quicksilver (26)
Scrolls
 i - 3 scrolls of amnesia
 j - 10 scrolls of enchant armour
 k - 6 scrolls of immolation {!r}
 m - 2 scrolls of butterflies
 o - 6 scrolls of enchant weapon
 q - 6 scrolls of blinking
 x - 2 scrolls of brand weapon
 y - 9 scrolls of teleportation {@r4}
 H - 5 scrolls of fog
 K - 3 scrolls of poison {!r}
 O - 2 scrolls of fear
 P - 5 scrolls of vulnerability {!r}
 U - 2 scrolls of revelation
Potions
 d - 3 potions of cancellation
 e - 8 potions of ambrosia
 f - 12 potions of curing {@q1}
 g - 4 potions of might
 p - 3 potions of brilliance
 t - 2 potions of resistance
 u - 6 potions of magic
 v - 2 potions of enlightenment
 w - 2 potions of invisibility
 z - 4 potions of mutation {!q}
 D - a potion of berserk rage {!q}
 W - a potion of haste {@q3}
Miscellaneous
 c - a lightning rod (2/4)
 C - a box of beasts
 T - a condenser vane (inert)
 X - a phantom mirror
 Z - a phial of floods

Dungeon Overview and Level Annotations

Branches:
Dungeon (15/15)            Temple (0/1) D:7            Lair (5/5) D:8
  Swamp (4/4) Lair:2        Snake (4/4) Lair:3        Slime (0/5) Lair:5
    Orc (2/2) D:9             Elf (0/3) Orc:2        Vaults (2/5) D:13
 Depths (1/4) D:15          Sewer (visited)          Bailey (visited)
  Crypt: Vaults:2-3

Altars:
Ashenzari
Cheibriados
Elyvilon
Fedhas
Gozag
Kikubaaqudgha
Makhleb
Okawaru
Sif Muna
Trog
Uskayaw
Vehumet
Jiyva

Shops:
D:3 ?   Orc:2 ![!*?[   Snake:1 (   Snake:3 [[(   Snake:4 [   Vaults:2 *
Depths:1 ?

Annotations:
Swamp:1 2 transporters, Zeldest's ghost, adept DrSh
Snake:4 2 transporters, Taelin's ghost, adept TrEE

..▒ ..▒ ..▒ ▒▒▒▒▒▒▒▒▒▒▒+▒
▒ ............. .▒
............. ..▒
............. ...▒
...........▒▒▒▒▒▒▒▒▒§☼..▒
▒▒▒▒▒......▒....@.§§§...▒
....▒......+....YY§▒§...▒
....▒......+.....○.▒ ...▒
....'......▒.......▒ $.▒
....▒......▒.......▒ .▒
....▒......▒.......▒ ▒
....▒......▒.......▒
....+......▒▒+▒▒▒''▒
....▒........▒▒▒▒..▒


You could see 2 dire elephants.


Message History

The dire elephant trunk-slaps you but does no damage.
Unknown command.
Unknown command.
Casting: Ignite Poison (safe; 1% risk of failure)
Confirm with . or Enter, or press ? or * to list all spells.
Aiming: Poisonous Vapours (safe; 1% risk of failure)
Press: ? - help, Dir - move target, f - dire elephant
Aim: a dire elephant (freezing vapour, severely wounded) Poisonous vapours surround the dire elephant!
The dire elephant is poisoned.
The dire elephant barely misses you.
The dire elephant trunk-slaps you but does no damage.
The dire elephant is engulfed in freezing vapours.
The dire elephant tramples you!!
* * * LOW HITPOINT WARNING * * *
You hold your ground!
The dire elephant trunk-slaps you.
* * * LOW HITPOINT WARNING * * *
Unknown command.
Casting: Poisonous Vapours (safe; 1% risk of failure)
Confirm with . or Enter, or press ? or * to list all spells.
Aiming: Poisonous Vapours (safe; 1% risk of failure)
Press: ? - help, Dir - move target, f - dire elephant, p - dire elephant
Aim: a dire elephant (severely wounded) Poisonous vapours surround the dire elephant!
The dire elephant is poisoned.
The dire elephant tramples you!
* * * LOW HITPOINT WARNING * * *
You hold your ground!
The dire elephant trunk-slaps you!
* * * LOW HITPOINT WARNING * * *
The dire elephant is engulfed in freezing vapours.
The dire elephant tramples you!
You die...

Skill      XL: |  1  2  3  4  5  6  7  8  9 10 11 12 13 14 15 16 17 18 |
---------------+-------------------------------------------------------+-----
Unarmed Combat | 1 2 3 4 5 6 7 8 |  8.0
Earth Magic    | 3 4 5 6 7 8 9 10 | 10.6
Fighting       | 1 2 3 4 5 6 7 |  7.2
Dodging        | 2 |  2.0
Spellcasting   | 2 3 4 5 7 8 9 |  9.6
Conjurations   | 1 2 3 4 5 6 7 8 9 |  9.6
Ice Magic      | 1 2 3 4 5 6 7 8 |  8.0
Air Magic      | 1 2 3 4 5 6 7 8 |  8.0
Evocations     | 1 2 3 4 5 6 |  6.2
Transmutations | 1 2 3 4 5 6 7 8 |  8.0
Fire Magic     | 1 2 3 4 5 6 7 8 |  8.0
Poison Magic   | 2 3 4 5 6 7 8 |  8.0
Shields        | 1 2 3 4 5 6 |  6.3
Throwing       | 1 2 3 4 5 |  5.9
Staves         | 2 3 4 |  4.8
Stealth        | |  1.0
Shapeshifting  | |  0.6

Action                     |  1- 3 |  4- 6 |  7- 9 | 10-12 | 13-15 | 16-18 | 19-21 || total
---------------------------+-------+-------+-------+-------+-------+-------+-------++-------
  Melee: Unarmed           |    82 |   124 |   447 |   287 |   202 |       |       ||  1142
         Punch             |       |     4 |    16 |    10 |     7 |     8 |       ||    45
         Staff             |       |       |       |       |    42 |   110 |     4 ||   156
  Throw: Dart              |       |       |       |     8 |       |       |       ||     8
   Cast: Sandblast         |     2 |    14 |     2 |       |       |       |       ||    18
         Stone Arrow       |       |       |    61 |    44 |   165 |   275 |    13 ||   558
         Poisonous Vapours |       |       |       |   318 |   551 |   241 |    57 ||  1167
         Ignite Poison     |       |       |       |   101 |   189 |   123 |    24 ||   437
         Passwall          |       |       |       |     2 |       |       |       ||     2
         Freezing Cloud    |       |       |       |    16 |    69 |   186 |     4 ||   275
         Plasma Beam       |       |       |       |       |     4 |    50 |     2 ||    56
         Lee's Rapid Decon |       |       |       |       |       |     2 |       ||     2
  Evoke: Wand              |       |       |     2 |    17 |     5 |    13 |       ||    37
         Condenser vane    |       |       |       |       |     1 |       |     1 ||     2
         Lightning rod     |       |       |       |       |       |    10 |       ||    10
         Phantom mirror    |       |       |       |       |       |     1 |       ||     1
    Use: Scroll            |       |     2 |     9 |    12 |     9 |     7 |       ||    39
         Potion            |       |       |     2 |     2 |     3 |     5 |       ||    12
   Stab: Sleeping          |     1 |     1 |     4 |       |       |       |       ||     6
         Invisible         |       |       |       |       |     1 |       |       ||     1
 Armour: Robe              |    57 |    66 |   325 |   335 |       |       |       ||   783
         Troll leather arm |       |       |       |    67 |   523 |   483 |    44 ||  1117
  Dodge: Dodged            |    34 |    65 |   262 |   239 |   242 |   172 |    15 ||  1029
         Repelled          |       |     1 |     4 |     3 |     5 |    31 |     1 ||    45
  Block: Other             |       |       |    65 |   118 |    97 |    68 |       ||   348
         Reflection        |       |       |     1 |     6 |    12 |    24 |     1 ||    44
         Kite shield       |       |       |       |       |       |    56 |    23 ||    79
   Form: Beast             |     1 |       |       |       |       |       |       ||     1
                           |     1 |       |       |       |       |       |       ||     1

Levels and vault maps discovered:
D:1:      ebering_trefoil_twist, layout_loops_ring, st_stairs_13,
          minmay_pentomino_w2
D:2:      layout_basic, hellmonk_ecumenical_altar_blasted,
          roderic_serpentine_path
D:3:      layout_loops_ring, gammafunk_ghost_arena, serial_shops,
          nicolae_shop_trees, minmay_misc_feat_hallway, uniq_sigmund
D:4:      layout_basic, mainiacjoe_overflow_cross_hatched,
          mainiacjoe_overflow_chevrons, mainiacjoe_overflow_six_doors_small,
          gammafunk_temple_overflow_pools, hellmonk_guarded_unrand_hermit,
          uniq_ijyb, uniq_eustachio, uniq_grinder
D:5:      layout_cave_pools, minmay_checkerbox, uniq_pikel
D:6:      layout_rooms, gup_sewer_entry_bubbles, due_unseen_surprise,
          uniq_menkaure, uniq_duvessa, uniq_blork_the_orc
D:7:      layout_loops_ring, nicolae_gozag_seed_capital, temple_green,
          serial_undead, serial_undead_f, serial_undead_b, serial_undead_e,
          serial_undead_c, water_maze_lemuel
D:8:      cheibrodos_ideogram_h, layout_basic,
          gammafunk_temple_overflow_elements, erik_lair_dragon,
          gammafunk_ghost_split
D:9:      layout_rooms, mainiacjoe_overflow_two_lobes, orc_0_dummy,
          minmay_orc_keep
D:10:     layout_small_grid, gammafunk_ghost_spectres, enter_bailey_2,
          uniq_fannar, uniq_psyche, uniq_maggie, uniq_nergalle
D:11:     minmay_the_grid_net [minmay_the_grid_spikes, minmay_the_grid_dragon_b,
          minmay_the_grid_plusring, minmay_the_grid_fan, minmay_the_grid_expand,
          minmay_the_grid_prize_shrinking_boxes], layout_basic, special_room
          [special_room_orc], uniq_lodul
D:12:     layout_loops_ring
D:13:     layout_loops_ring, hellmonk_vaults_order_and_chaos, uniq_erolcha
D:14:     layout_cave_pools, chequers_mini_garden, uniq_snorg
D:15:     grunt_enter_depths_magical_seal, layout_loops_ring,
          serial_bayou_pond_d, uniq_louise
Lair:1:   layout_gridlike, special_room [special_room_bee],
          dpeg_stationary_puzzle
Lair:2:   hellmonk_ruined_rings, layout_regular_city,
          nicolae_swamp_entry_splash_gauntlet, infiniplex_staircase_pool,
          lemuel_fruit_tree, uniq_amaemon
Lair:3:   layout_hall_layers, minmay_snake_entry_six_corridors,
          lemuel_fruit_fields
Lair:4:   layout_cellular_growth, grunt_megastairs_3, serial_bayou_shore_b,
          uniq_kirke, uniq_sonja
Lair:5:   grunt_lair_end_beastmaster, layout_hall_layers,
          minmay_slime_entry_pillars
Swamp:1:  layout_falls_marsh, gammafunk_ghost_arena,
          evilmike_swamp_ruin_house_3, swamp_pool_1_2,
          nicolae_swamp_oklob_treasure_island
Swamp:2:  layout_falls_marsh, evilmike_swamp_ruin_wall, uniq_frances
Swamp:3:  nzn_winding_woodlands_three_and_one
          [nzn_winding_woodlands_5x15_pockets,
          nzn_winding_woodlands_5x15_garden, nzn_winding_woodlands_5x15_cabin,
          nzn_winding_woodlands_center_garden], layout_falls_marsh,
          evilmike_swamp_ruin_house_1, swamp_pool_1_2
Swamp:4:  swamp_fiery, layout_basic_swamp
Snake:1:  layout_layer_cave, serial_library, serial_library_hellmonk_junction,
          serial_library_regret_index_multi,
          serial_library_regret_index_small_wings,
          serial_library_hellmonk_statue_hall, serial_library_hellmonk_room_a,
          serial_shops, shop
Snake:2:  layout_misc_corridors, uniq_aizul
Snake:3:  layout_gridlike, serial_shops, shop, nicolae_snake_gridmaze_waves,
          minmay_shop_star, serial_bayou_shore_a
Snake:4:  snake_pit, layout_cave_pods, gammafunk_ghost_wrathful_warriors,
          serial_shops, shop, uniq_donald, uniq_vashnia
Orc:1:    layout_diamond_mine, basic_altar
Orc:2:    st_orc_elflike, layout_diamond_mine, serial_shops,
          nicolae_shop_waterfront, shop, roderic_batcave, uniq_azrael,
          uniq_jorgrun
Vaults:1: dpeg_vaults_hating_casters, nicolae_vaults_frosty_reception,
          nicolae_vaults_trapezoid_lopsided_3, ontoclasm_vaults_shuriken,
          vaults_dpeg_cross, nicolae_vaults_lightning_bolt,
          nicolae_vaults_tetromino_Z_2, nicolae_vaults_trapezoid_lopsided_3,
          v_misc_15, hangedman_vaults_maws, nicolae_vaults_theta,
          nicolae_vaults_yaktaur_gun_rack, layout_vaults_maze_bifur
Vaults:2: vaults_room_hallway, nicolae_vaults_shock_wave, v_pattern_1,
          nicolae_vaults_double_plus_3, nicolae_vaults_offset_grid_hallway_2,
          nicolae_vaults_tetromino_T_1, layout_vaults_omnigrid, serial_shops,
          shop_statue
Depths:1: layout_cave_pools, serial_shops, nicolae_shop_trees,
          nicolae_shop_dealshenge, shop, hell_entry, abyss_entry_flame_altar,
          chequers_serial_rivers_large_a,
          nicolae_concentric_dashed_squares_mild,
          eat_drink_and_be_merry_uskayaw, firewood_loft

Notes
Turn   | Place    | Note
-------+----------+-------------------------------------------
     0 | D:1      | Jeffwins the Troll Earth Elementalist began the quest for
                  | the Orb.
     0 | D:1      | Reached XP level 1. HP: 16/16 MP: 1/1
   275 | D:1      | Reached XP level 2. HP: 20/24 MP: 3/3
   764 | D:2      | Reached skill level 1 in Unarmed Combat
   764 | D:2      | Reached skill level 3 in Earth Magic
   764 | D:2      | Reached XP level 3. HP: 10/32 MP: 1/4
   872 | D:2      | Found a faded altar of an unknown god.
   899 | D:2      | Reached XP level 4. HP: 21/40 MP: 5/5
   999 | D:2      | Learned a level 3 spell: Stone Arrow
  1431 | D:3      | Found a transporter.
  1435 | D:3      | Noticed an ice beast
  1436 | D:3      | Noticed ShellytheWitch's ghost (amateur KoBr)
  1453 | D:3      | Found a transporter.
  1551 | D:3      | Noticed Sigmund
  1575 | D:3      | Killed Sigmund
  1576 | D:3      | Reached skill level 1 in Fighting
  1576 | D:3      | Reached skill level 2 in Dodging
  1576 | D:3      | Reached skill level 2 in Unarmed Combat
  1576 | D:3      | Reached skill level 2 in Spellcasting
  1576 | D:3      | Reached skill level 1 in Conjurations
  1576 | D:3      | Reached XP level 5. HP: 23/48 MP: 5/7
  1657 | D:3      | Reached XP level 6. HP: 21/55 MP: 8/8
  1935 | D:3      | Found Nuusaq's Magic Scroll Emporium.
  1944 | D:3      | Bought a scroll of identify for 24 gold pieces
  2296 | D:4      | Found a radiant altar of Vehumet.
  2322 | D:4      | Became a worshipper of Vehumet
  2333 | D:4      | Noticed Grinder
  2334 | D:4      | Found an ancient bone altar of Kikubaaqudgha.
  2346 | D:4      | Paralysed by Grinder for 5 turns
  2356 | D:4      | Paralysed by Grinder for 4 turns
  2392 | D:4      | Paralysed by Grinder for 2 turns
  2398 | D:4      | Killed Grinder
  2399 | D:4      | Reached skill level 3 in Unarmed Combat
  2399 | D:4      | Reached skill level 4 in Earth Magic
  2528 | D:4      | Reached XP level 7. HP: 53/63 MP: 2/9
  2618 | D:4      | Noticed Eustachio
  2740 | D:4      | Killed Eustachio
  2741 | D:4      | Reached skill level 2 in Fighting
  2741 | D:4      | Reached skill level 2 in Conjurations
  2841 | D:4      | Found a hide-covered altar of Uskayaw.
  2842 | D:4      | Found a snail-covered altar of Cheibriados.
  2927 | D:4      | Found a blossoming altar of Fedhas.
  3017 | D:4      | Noticed Ijyb
  3021 | D:4      | Killed Ijyb
  3065 | D:4      | Found a faded altar of an unknown god.
  3065 | D:4      | Found the Hermit's Pendant {Faith Invo=14 Evo=0 MP+5}
  3416 | D:5      | Entered Level 5 of the Dungeon
  3431 | D:4      | Learned a level 5 spell: Freezing Cloud
  3479 | D:4      | HP: 4/65 [hound (6)]
  3771 | D:5      | Noticed Pikel
  3797 | D:5      | Killed Pikel
  3798 | D:5      | Reached skill level 4 in Unarmed Combat
  3798 | D:5      | Reached skill level 3 in Spellcasting
  3798 | D:5      | Reached skill level 1 in Ice Magic
  3798 | D:5      | Reached skill level 1 in Air Magic
  3798 | D:5      | Reached XP level 8. HP: 56/74 MP: 4/11
  3958 | D:5      | Reached skill level 1 in Evocations
  4029 | D:5      | Reached * piety under Vehumet
  4029 | D:5      | Offered knowledge of Freeze by Vehumet.
  4032 | D:5      | Reached skill level 3 in Conjurations
  4032 | D:5      | Reached skill level 5 in Earth Magic
  4140 | D:5      | Reached skill level 2 in Ice Magic
  4148 | D:5      | Reached XP level 9. HP: 35/80 MP: 1/13
  4667 | D:6      | Noticed Duvessa
  4667 | D:6      | Noticed Dowan
  4670 | D:6      | Reached skill level 5 in Unarmed Combat
  4691 | D:6      | Reached skill level 2 in Air Magic
  4793 | D:3      | Bought 3 scrolls of teleportation for 108 gold pieces
  4793 | D:3      | Bought a scroll of revelation for 90 gold pieces
  4950 | D:6      | Killed Duvessa
  4951 | D:6      | Reached skill level 3 in Fighting
  4954 | D:6      | Killed Dowan
  5005 | D:6      | Noticed Menkaure
  5017 | D:6      | Killed Menkaure
  5085 | D:6      | Noticed Blork the orc
  5100 | D:6      | Killed Blork the orc
  5185 | D:6      | Reached ** piety under Vehumet
  5185 | D:6      | Offered knowledge of Poisonous Vapours by Vehumet.
  5189 | D:6      | Learned a level 2 spell: Poisonous Vapours
  5193 | D:6      | Learned a level 3 spell: Ignite Poison
  5216 | D:6      | Found a glowing drain.
  5226 | Sewer    | Entered a sewer
  5437 | Sewer    | Offered knowledge of Searing Ray by Vehumet.
  5839 | D:6      | Reached skill level 1 in Transmutations
  5839 | D:6      | Reached skill level 2 in Evocations
  6064 | D:7      | Reached *** piety under Vehumet
  6232 | D:7      | Found an opulent altar of Gozag.
  6384 | D:7      | Reached skill level 1 in Fire Magic
  6525 | D:7      | Offered knowledge of Flame Wave by Vehumet.
  6570 | D:7      | Reached XP level 10. HP: 51/90 MP: 14/14
  6629 | D:6      | Learned a level 2 spell: Passwall
  6850 | D:7      | Reached skill level 4 in Conjurations
  6999 | D:7      | Identified the +0 ring mail "Cuomp" {Rampage rC- Int+3}
  7134 | D:7      | Found a staircase to the Ecumenical Temple.
  7292 | D:7      | Reached skill level 3 in Ice Magic
  7635 | D:8      | Reached skill level 6 in Earth Magic
  7689 | D:8      | Reached skill level 4 in Spellcasting
  7689 | D:8      | Reached skill level 1 in Poison Magic
  7790 | D:8      | Noticed BigPumpCobain's ghost (novice DrSh)
  7805 | D:8      | Reached **** piety under Vehumet
  8145 | D:8      | Reached skill level 6 in Unarmed Combat
  8295 | D:8      | Found a staircase to the Lair.
  8393 | D:8      | Found a runed translucent gate.
  8393 | D:8      | Found a runed translucent gate.
  8394 | D:8      | Found a runed translucent gate.
  8408 | D:8      | Offered knowledge of Mephitic Cloud by Vehumet.
  8610 | D:8      | Reached skill level 3 in Air Magic
  8623 | D:8      | Reached skill level 2 in Transmutations
  8704 | D:8      | Noticed a centaur warrior
  8771 | D:8      | Killed a centaur warrior
  8857 | D:8      | Reached skill level 2 in Fire Magic
  8952 | D:8      | Reached skill level 2 in Poison Magic
  9163 | D:8      | Noticed a deep elf pyromancer
  9188 | D:8      | HP: 2/90 [slime creature (9)]
  9499 | D:8      | Killed a deep elf pyromancer
  9500 | D:8      | Reached XP level 11. HP: 87/98 MP: 4/16
  9814 | D:8      | Found an iron altar of Okawaru.
  9814 | D:8      | Found a broken altar of Ashenzari.
 11484 | D:9      | Reached ***** piety under Vehumet
 11484 | D:9      | Offered knowledge of Conjure Ball Lightning by Vehumet.
 11674 | D:9      | Reached skill level 4 in Ice Magic
 11757 | D:9      | Found a burning altar of Makhleb.
 11790 | D:9      | Found a white marble altar of Elyvilon.
 11862 | D:9      | Found a staircase to the Orcish Mines.
 12047 | Orc:1    | Entered Level 1 of the Orcish Mines
 12047 | Orc:1    | Noticed an orc sorcerer
 12051 | Orc:1    | Killed an orc sorcerer
 12069 | D:9      | Reached skill level 3 in Transmutations
 12313 | Orc:1    | Noticed a two-headed ogre
 12319 | Orc:1    | Killed a two-headed ogre
 12389 | Orc:1    | You fall into a shaft and drop 1 floor!
 12389 | Orc:2    | Entered Level 2 of the Orcish Mines
 12389 | Orc:2    | Found Cuvuet's Magic Scroll Shop.
 12391 | Orc:2    | Bought a scroll of identify for 22 gold pieces
 12391 | Orc:2    | Bought a scroll of identify for 22 gold pieces
 12391 | Orc:2    | Bought a scroll of poison for 44 gold pieces
 12391 | Orc:2    | Bought a scroll of identify for 22 gold pieces
 12391 | Orc:2    | Bought a scroll of identify for 22 gold pieces
 12393 | Orc:2    | Found Teinas's Antique Armour Boutique.
 12424 | Orc:2    | Reached skill level 3 in Evocations
 12752 | Orc:2    | Noticed Azrael
 12758 | Orc:2    | Reached skill level 3 in Fire Magic
 12758 | Orc:2    | Killed Azrael
 12759 | Orc:2    | Reached skill level 1 in Shields
 12759 | Orc:2    | Reached skill level 5 in Conjurations
 12759 | Orc:2    | Reached skill level 7 in Earth Magic
 12765 | Orc:2    | Reached skill level 7 in Unarmed Combat
 12790 | Orc:2    | Reached skill level 4 in Fighting
 12942 | Orc:2    | Noticed an orc sorcerer
 12947 | Orc:2    | Killed an orc sorcerer
 12948 | Orc:2    | Reached skill level 3 in Poison Magic
 13106 | Orc:2    | Found a staircase to the Elven Halls.
 13691 | Orc:1    | Reached XP level 12. HP: 95/107 MP: 9/18
 13935 | Orc:2    | Offered knowledge of Plasma Beam by Vehumet.
 14020 | Orc:2    | Noticed an orc high priest
 14025 | Orc:2    | Killed an orc high priest
 14028 | Orc:2    | Noticed an orc high priest
 14041 | Orc:2    | Killed an orc high priest
 14042 | Orc:2    | Reached skill level 4 in Air Magic
 14076 | Orc:2    | Noticed an orc high priest
 14081 | Orc:2    | Killed an orc high priest
 14688 | Orc:2    | Reached skill level 5 in Spellcasting
 14878 | Orc:2    | Noticed an orc warlord
 14906 | Orc:2    | Killed an orc warlord
 15258 | Orc:2    | Paralysed by an orc sorcerer for 3 turns
 15266 | Orc:2    | Reached skill level 4 in Transmutations
 15382 | Orc:2    | Learned a level 6 spell: Plasma Beam
 15445 | Orc:2    | Noticed Jorgrun
 15445 | Orc:2    | Paralysed by an orc sorcerer for 4 turns
 15460 | Orc:2    | Killed Jorgrun
 15461 | Orc:2    | Reached skill level 2 in Shields
 15530 | Orc:1    | Noticed an ettin
 15535 | Orc:1    | Killed an ettin
 15536 | Orc:1    | Reached skill level 4 in Fire Magic
 15736 | Orc:1    | Reached skill level 5 in Ice Magic
 15848 | Orc:2    | Found Izejadi's General Store.
 15853 | Orc:2    | Found Tazufe's Distillery.
 15857 | Orc:2    | Bought a scroll of identify for 24 gold pieces
 15857 | Orc:2    | Bought a scroll of revelation for 90 gold pieces
 15860 | Orc:2    | Bought a potion of heal wounds for 85 gold pieces
 15860 | Orc:2    | Bought a potion of degeneration for 17 gold pieces
 15860 | Orc:2    | Found Suxat's Armour Boutique.
 15862 | Orc:2    | Found Igru's Distillery.
 15974 | Orc:2    | Bought a scroll of acquirement for 572 gold pieces
 15974 | Orc:2    | Acquired the ring "Hutanol" {Will++ rCorr}
 16056 | D:10     | Entered Level 10 of the Dungeon
 16073 | D:10     | Noticed Psyche
 16084 | D:10     | Killed Psyche
 16085 | D:10     | Reached skill level 1 in Throwing
 16085 | D:10     | Reached skill level 4 in Poison Magic
 16357 | D:10     | Found a runed translucent gate.
 16357 | D:10     | Found a runed translucent gate.
 16357 | D:10     | Found a runed translucent gate.
 16385 | D:10     | Noticed Maggie
 16391 | D:10     | Killed Maggie
 16394 | D:10     | Noticed Nergalle
 16425 | D:10     | Killed Nergalle
 16426 | D:10     | Reached skill level 8 in Unarmed Combat
 16472 | D:10     | Reached XP level 13. HP: 115/115 MP: 1/19
 16521 | D:10     | Found a flagged portal.
 16550 | Bailey   | Entered a bailey
 16889 | Bailey   | Noticed Prince Ribbit
 16899 | Bailey   | Killed Prince Ribbit
 17093 | Bailey   | Offered knowledge of Arcjolt by Vehumet.
 17286 | Bailey   | Acquired the staff of Wondrous Power {+Blink rF+ rC+ SInv
                  | Stlth+ Fire}
 17304 | D:10     | Noticed Fannar
 17446 | D:10     | Killed Fannar
 17960 | D:10     | Noticed Anonymone's ghost (novice DsVM)
 17971 | D:10     | Killed Anonymone's ghost
 18206 | D:3      | Killed ShellytheWitch's ghost
 18209 | D:3      | Reached skill level 6 in Conjurations
 18755 | D:11     | Reached skill level 8 in Earth Magic
 19232 | D:11     | Reached skill level 2 in Throwing
 19653 | D:11     | Reached skill level 5 in Air Magic
 19722 | D:11     | Reached skill level 3 in Shields
 19812 | D:11     | Noticed Lodul
 19821 | D:11     | Killed Lodul
 20318 | D:11     | Reached skill level 5 in Transmutations
 20715 | D:11     | Identified the +2 buckler of Crawling {Str+6}
 20715 | D:11     | Identified the +7 long sword "Hell-Harrower" {flame, MP+9}
 20940 | D:12     | Reached skill level 4 in Evocations
 21131 | D:12     | You fall into a shaft and drop 1 floor!
 21137 | D:13     | Offered knowledge of Ozocubu's Refrigeration by Vehumet.
 21288 | D:13     | Reached XP level 14. HP: 88/118 MP: 10/21
 21470 | D:13     | Reached skill level 6 in Spellcasting
 22915 | D:13     | Noticed an ironbound preserver
 22922 | D:13     | Killed an ironbound preserver
 22923 | D:13     | Reached skill level 7 in Spellcasting
 23056 | D:13     | Found a gate to the Vaults.
 23072 | D:13     | Noticed Erolcha
 23083 | D:13     | Killed Erolcha
 23723 | D:13     | Learned a level 7 spell: Ozocubu's Refrigeration
 23946 | Lair:1   | Entered Level 1 of the Lair of Beasts
 24397 | Lair:1   | Reached skill level 5 in Fire Magic
 24405 | Lair:1   | Reached skill level 5 in Poison Magic
 25337 | Lair:2   | Found a staircase to the Swamp.
 25670 | Lair:2   | Noticed Amaemon
 25681 | Lair:2   | Killed Amaemon
 25845 | Lair:2   | Reached skill level 5 in Fighting
 26006 | Lair:2   | Reached skill level 6 in Ice Magic
 26921 | Lair:3   | Identified the +5 leather armour of the Rose {Str+7 Dex-3}
 27001 | Lair:3   | Offered knowledge of Bombard by Vehumet.
 27159 | Lair:3   | Reached XP level 15. HP: 133/133 MP: 20/25
 27215 | Lair:3   | Found a staircase to the Snake Pit.
 27643 | Lair:3   | Reached skill level 1 in Staves
 28064 | Lair:4   | Noticed Sonja
 28067 | Lair:4   | Killed Sonja
 28508 | Lair:4   | Noticed Kirke
 28511 | Lair:4   | Noticed a sphinx
 28516 | Lair:4   | Killed Kirke
 29225 | Lair:4   | Reached skill level 8 in Spellcasting
 29698 | Lair:5   | Entered Level 5 of the Lair of Beasts
 29698 | Lair:5   | Found a viscous altar of Jiyva.
 29698 | Lair:5   | Found a staircase to the Slime Pits.
 29807 | Lair:5   | Reached skill level 7 in Conjurations
 30146 | Lair:5   | Reached skill level 3 in Throwing
 30337 | Lair:5   | Reached skill level 9 in Earth Magic
 30801 | Lair:5   | Reached skill level 6 in Transmutations
 31336 | Lair:5   | Reached skill level 6 in Air Magic
 31785 | Lair:5   | Reached skill level 4 in Shields
 32300 | D:14     | Reached skill level 6 in Poison Magic
 32402 | D:14     | Reached skill level 6 in Fire Magic
 32431 | D:14     | Noticed Snorg
 32438 | D:14     | Killed Snorg
 32483 | D:14     | Found the +3 warlock's mirror {omnireflect}
 32522 | D:14     | Offered knowledge of Lee's Rapid Deconstruction by Vehumet.
 32959 | D:15     | Entered Level 15 of the Dungeon
 33061 | D:15     | Reached skill level 2 in Staves
 33061 | D:15     | Reached XP level 16. HP: 143/143 MP: 27/27
 33217 | D:15     | Found a staircase to the Depths.
 33872 | D:15     | Identified the +0 tower shield of Bofaq {Dex+3}
 33872 | D:15     | Noticed Louise
 33879 | D:15     | Killed Louise
 34523 | Depths:1 | Entered Level 1 of the Depths
 34912 | Depths:1 | Found Nappoakh's Magic Scroll Shoppe.
 34921 | Depths:1 | Bought a scroll of fear for 88 gold pieces
 34921 | Depths:1 | Bought a scroll of poison for 88 gold pieces
 34921 | Depths:1 | Bought a scroll of revelation for 165 gold pieces
 35235 | Swamp:1  | Entered Level 1 of the Swamp
 35675 | Swamp:1  | Learned a level 5 spell: Lee's Rapid Deconstruction
 36199 | Swamp:1  | Reached skill level 7 in Ice Magic
 36378 | Swamp:1  | Noticed a tentacled monstrosity
 36381 | Swamp:1  | Noticed Zeldest's ghost (adept DrSh)
 36383 | Swamp:1  | Noticed a thorn hunter
 36386 | Swamp:1  | Found a transporter.
 36396 | Swamp:1  | Found a transporter.
 37063 | Swamp:2  | Noticed Frances
 37328 | Swamp:2  | Killed Frances
 37962 | Swamp:3  | Reached skill level 7 in Transmutations
 38030 | Swamp:3  | Reached skill level 5 in Evocations
 38198 | Swamp:3  | Noticed a thorn hunter
 38205 | Swamp:3  | Killed a thorn hunter
 38206 | Swamp:3  | Reached skill level 4 in Throwing
 38208 | Swamp:3  | Reached skill level 8 in Conjurations
 38486 | Swamp:3  | Noticed a thorn hunter
 38568 | Swamp:3  | Reached XP level 17. HP: 152/152 MP: 21/28
 38858 | Swamp:3  | Reached skill level 10 in Earth Magic
 39301 | Swamp:3  | Reached ****** piety under Vehumet
 39306 | Swamp:3  | Reached skill level 6 in Fighting
 39331 | Swamp:3  | Offered knowledge of Spellforged Servitor by Vehumet.
 39560 | Swamp:4  | Entered Level 4 of the Swamp
 39629 | Swamp:4  | Reached skill level 3 in Staves
 39995 | Swamp:4  | Reached skill level 7 in Fire Magic
 39997 | Swamp:4  | Reached skill level 7 in Poison Magic
 40128 | Swamp:4  | Reached skill level 7 in Air Magic
 40872 | Swamp:4  | Acquired the +12 tower shield of Disappointment {rPois rF-
                  | rC+ rN+}
 40934 | Swamp:4  | Got a decaying rune of Zot
 41102 | Snake:1  | Entered Level 1 of the Snake Pit
 41111 | Snake:1  | Reached skill level 5 in Shields
 41399 | Orc:2    | Bought a potion of enlightenment for 85 gold pieces
 41399 | Orc:2    | Bought a potion of magic for 136 gold pieces
 41399 | Orc:2    | Bought a potion of curing for 51 gold pieces
 41414 | Orc:2    | Bought a potion of cancellation for 80 gold pieces
 41414 | Orc:2    | Bought a potion of resistance for 100 gold pieces
 41414 | Orc:2    | Bought a potion of resistance for 100 gold pieces
 41498 | D:8      | Killed BigPumpCobain's ghost
 42065 | Snake:1  | Found Qusetoising's Antique Weapon Shoppe.
 43285 | Snake:1  | Found a shimmering blue altar of Sif Muna.
 43536 | Snake:2  | Identified the serpent talisman "Fextal" {Dex+3}
 43536 | Snake:2  | Noticed Aizul
 43660 | Snake:1  | HP: 7/152 [anaconda[a naga ritualist] (16)]
 44044 | Snake:1  | Killed Aizul
 45281 | Snake:3  | Found Qemp's Weapon Boutique.
 45285 | Snake:3  | Found Qeenlo Urer's Antique Armour Boutique.
 45348 | Snake:3  | Reached skill level 9 in Spellcasting
 45453 | Snake:3  | Reached XP level 18. HP: 161/162 MP: 6/30
 45619 | Snake:3  | Identified the +1 morningstar of the Solstice {flame,
                  | +Blink rElec rN+ Dex+3}
 45678 | Snake:3  | Found Qixim's Armour Shop.
 45783 | Snake:3  | Reached skill level 8 in Ice Magic
 45924 | Snake:3  | Identified the +8 chain mail of Zameymmi {Harm *Corrode
                  | +Blink Regen+}
 46216 | Snake:3  | Offered knowledge of Fire Storm by Vehumet.
 46216 | Snake:3  | Offered knowledge of Shatter by Vehumet.
 46216 | Snake:3  | Offered knowledge of Maxwell's Capacitive Coupling by
                  | Vehumet.
 46623 | Snake:4  | Entered Level 4 of the Snake Pit
 46848 | Snake:4  | Noticed Donald
 46861 | Snake:4  | Killed Donald
 46906 | Snake:4  | Reached skill level 5 in Throwing
 47535 | Snake:4  | HP: 16/162 [nagaraja/poison arrow (45)]
 47690 | Snake:4  | Reached skill level 8 in Transmutations
 48057 | Snake:4  | Reached skill level 4 in Staves
 48062 | Snake:4  | Noticed Vashnia
 48098 | Snake:4  | Killed Vashnia
 48411 | Snake:4  | Reached skill level 9 in Conjurations
 48937 | Snake:4  | Reached skill level 8 in Poison Magic
 49167 | Snake:4  | Got a serpentine rune of Zot
 49420 | Snake:4  | Noticed Taelin's ghost (adept TrEE)
 49429 | Snake:4  | Found a transporter.
 49710 | Snake:4  | Found a transporter.
 49714 | Snake:4  | Found a bloodstained altar of Trog.
 49728 | Snake:4  | Found Myikeum's Armour Shop.
 50108 | Vaults:1 | Entered Level 1 of the Vaults
 50112 | Vaults:1 | Reached skill level 8 in Fire Magic
 50349 | Vaults:1 | Reached skill level 6 in Shields
 50426 | Vaults:1 | Paralysed by a formless jellyfish for 1 turns
 50428 | Vaults:1 | Reached skill level 8 in Air Magic
 50777 | Vaults:1 | Reached skill level 6 in Evocations
 50894 | Vaults:1 | Reached skill level 7 in Fighting
 50978 | Vaults:1 | Reached XP level 19. HP: 142/170 MP: 24/31
 51768 | Vaults:1 | HP: 14/141 [orc warlord/+5 war axe of draining (10)]
 51921 | Vaults:2 | Found Hoopnoje's General Store.
 51927 | Vaults:2 | Bought a box of beasts for 680 gold pieces
 52258 | Vaults:2 | HP: 14/154 [dire elephant (9)]
 52258 | Vaults:2 | Slain by a dire elephant

Vanquished Creatures
  Vashnia (Snake:4)
  Jorgrun (Orc:2)
  2 thorn hunters (Swamp:3)
  Frances (Swamp:2)
  Donald (Snake:4)
  Kirke (Lair:4)
  5 nagarajas (Snake:4)
  A frost giant (Vaults:1)
  A fire giant (Depths:1)
  Aizul (Snake:1)
  2 vault wardens (Vaults:1)
  Louise (D:15)
  A ghost moth (Vaults:1)
  2 orc warlords
  2 formless jellyfish (Vaults:1)
  3 ironbound preservers
  A ghoul (Swamp:3)
  A war gargoyle (Vaults:1)
  7 eleionomae
  Azrael (Orc:2)
  2 bunyips (Swamp:3)
  9 dire elephants
  Snorg (D:14)
  2 ettins
  2 shambling mangroves (Swamp:3)
  A merfolk impaler (Depths:1)
  3 yaktaur captains
  3 fire dragons (Swamp:4)
  Erolcha (D:13)
  2 rakshasas (D:15)
  Fannar (D:10)
  24 hydras
  2 vault guards (Bailey)
  4 catoblepae
  5 ironbound frosthearts (Vaults:1)
  9 anacondas
  2 ghost crabs (Swamp:3)
  7 two-headed ogres
  9 alligators
  10 centaur warriors
  6 boulder beetles
  5 salamander tyrants (Snake:4)
  6 death yaks
  5 tengu warriors
  A deep troll shaman (Lair:5)
  8 naga warriors
  3 orc high priests (Orc:2)
  2 occultists
  4 shock serpents
  18 naga sharpshooters
  The ghost of Anonymone the Conjurer, a novice DsVM of Vehumet (D:10)
  Sonja (Lair:4)
  The ghost of BigPumpCobain the Mimic, a novice DrSh of Wu Jian (D:8)
  Amaemon (Lair:2)
  Nergalle (D:10)
  6 goliath frogs
  4 salamander mystics
  4 deep trolls (Vaults:1)
  Lodul (D:11)
  5 spriggan druids
  12 swamp dragons
  3 sea snakes (Snake:3)
  5 bog bodies
  2 glowing orange brains
  12 naga ritualists
  A deep elf pyromancer (D:8)
  3 arcanists
  3 harpies (Vaults:1)
  5 lindwurms
  Pikel (D:5)
  A necromancer (D:15)
  4 mana vipers
  3 ironbound convokers (Vaults:1)
  9 orc sorcerers
  7 orc knights
  27 ugly things
  3 oklob plants
  4 cyclopes
  8 will-o-the-wisps
  10 salamanders
  A moth of wrath (shapeshifter) (D:12)
  4 manticores
  35 black mambas
  A guardian serpent (Snake:4)
  2 vault sentinels (Vaults:1)
  12 elephants
  16 cane toads
  An orange demon (Lair:2)
  16 naga magi
  A torpor snail (Lair:4)
  3 unseen horrors
  A cane toad (shapeshifter) (D:15)
  A gargoyle (D:12)
  A rime drake (Lair:3)
  2 centaur skeletons (D:15)
  Maggie (D:10)
  Psyche (D:10)
  A freezing wraith (D:14)
  9 yaktaurs (Vaults:1)
  9 komodo dragons
  2 tengu conjurers
  An efreet (D:15)
  A kobold demonologist (D:11)
  9 trolls
  A queen bee (Lair:1)
  A tarantella (shapeshifter) (D:11)
  Grinder (D:4)
  4 polar bears
  Prince Ribbit (Bailey)
  9 tyrant leeches
  9 hornets
  31 blink frogs
  17 slime creatures
  Sigmund (D:3)
  A centaur simulacrum (D:15)
  2 vampires
  35 yaks
  6 spriggans
  4 fire elementals
  3 shadows
  3 wraiths
  9 wyverns
  Eustachio (D:4)
  4 basilisks
  5 humans (Bailey)
  8 vampire mosquitoes
  Menkaure (D:6)
  32 nagas
  17 swamp worms
  4 wargs
  The ghost of ShellytheWitch the Sneak, an amateur KoBr of Dithmenos (D:3)
  16 water moccasins
  Duvessa (D:6)
  An acid dragon (D:8)
  A hell hound (Orc:2)
  2 sky beasts (D:8)
  11 swamp drakes
  2 black bears
  2 ice beasts
  31 orc warriors
  12 ogres
  17 centaurs
  28 wolves
  A phantom (D:6)
  7 kobold brigands
  Blork the orc (D:6)
  33 bullfrogs
  A wyvern zombie (D:7)
  5 gnoll sergeants
  3 scorpions
  5 wights
  Dowan (D:6)
  33 killer bees
  5 electric eels
  3 howler monkeys
  6 hounds
  A gnoll bouda (D:7)
  4 jellies
  26 orc priests
  Ijyb (D:4)
  A sleepcap (D:4)
  5 iguanas
  22 orc wizards
  A killer bee zombie (D:7)
  A howler monkey zombie (D:7)
  9 adders
  31 gnolls
  A river rat (D:6)
  2 shadow imps
  4 white imps
  2 ufetubi (D:6)
  2 worms (D:6)
  4 dart slugs
  75 orcs
  14 endoplasms
  12 giant cockroaches
  3 goblins
  9 hobgoblins
  11 quokkas
  10 ball pythons
  10 bats
  8 frilled lizards
  33 kobolds
  9 rats
  A butterfly (Lair:3)
1223 creatures vanquished.

Vanquished Creatures (others)
  A hydra (Swamp:4)
  A bloated husk (Swamp:1)
  2 humans (Lair:4)
  4 swamp drakes (Swamp:4)
  A sky beast (D:7)
  An orc priest (D:10)
  An orc wizard (D:8)
  A gnoll (D:10)
  21 foxfires
33 creatures vanquished.

Grand Total: 1256 creatures vanquished

Table legend: (Time is in decaauts)
 A = Elapsed time spent in this place.
 B = Non-inter-level travel time spent in this place.
 C = Inter-level travel time spent in this place.
 D = Time resting spent in this place.
 E = Time spent auto-exploring this place.
 F = Levels seen in this place.
 G = Mean time per level.
                   A        B        C        D        E       F      G
               +--------+--------+--------+--------+--------+-----+--------+
         Total |  52242 |  48514 |   3728 |   6735 |  33466 |  35 | 1492.6 |
       Dungeon |  22186 |  20016 |   2170 |   2798 |  13341 |  15 | 1479.1 |
          Lair |   8539 |   7823 |    716 |    293 |   6527 |   5 | 1707.8 |
         Swamp |   5804 |   5566 |    238 |    833 |   3839 |   4 | 1451.0 |
     Snake Pit |   8115 |   7809 |    306 |   1194 |   5545 |   4 | 2028.8 |
  Orcish Mines |   3975 |   3752 |    223 |    858 |   2172 |   2 | 1987.5 |
        Vaults |   2080 |   2023 |     57 |    288 |   1435 |   2 | 1040.0 |
        Depths |    435 |    418 |     17 |    297 |     30 |   1 |  435.0 |
         Sewer |    372 |    372 |      0 |      2 |    168 |   1 |  372.0 |
        Bailey |    732 |    732 |      0 |    172 |    409 |   1 |  732.0 |
               +--------+--------+--------+--------+--------+-----+--------+

Top non-repeatable levels by time:
     D:8: 3850 daAuts
 Snake:4: 3262 daAuts
    D:11: 2450 daAuts
 Snake:1: 2438 daAuts
  Lair:5: 2232 daAuts
   Orc:2: 2214 daAuts
    D:13: 1894 daAuts
  Lair:4: 1866 daAuts
 Swamp:1: 1817 daAuts
 Swamp:3: 1762 daAuts
   Orc:1: 1761 daAuts
Vaults:1: 1743 daAuts
     D:4: 1740 daAuts
  Lair:2: 1629 daAuts
    D:15: 1598 daAuts

Table legend:
 A = Non-vault XP
 B = Vault XP
 C = Vault XP percentage of total XP
 D = Non-vault monster count
 E = Vault monster count
 F = Vault count percentage of total count
                 A         B        C        D         E       F
            +---------+---------+-------+---------+---------+-------
      Total |  249656 |  148899 |  37.4 |     803 |     425 |  34.6
            +---------+---------+-------+---------+---------+-------
        D:1 |      26 |       2 |   7.1 |      16 |       2 |  11.1
        D:2 |     103 |       0 |   0.0 |      21 |       0 |   0.0
        D:3 |      23 |     531 |  95.8 |      11 |       5 |  31.2
        D:4 |     361 |     517 |  58.9 |      21 |       4 |  16.0
        D:5 |    1147 |     801 |  41.1 |      14 |       5 |  26.3
        D:6 |     758 |     521 |  40.7 |      23 |      12 |  34.3
        D:7 |     677 |     346 |  33.8 |      32 |       6 |  15.8
        D:8 |    2490 |    6451 |  72.2 |      33 |      37 |  52.9
        D:9 |    2196 |     141 |   6.0 |      26 |       9 |  25.7
       D:10 |    2055 |    3838 |  65.1 |      28 |       8 |  22.2
       D:11 |    6504 |    9359 |  59.0 |      20 |      36 |  64.3
       D:12 |    5047 |       0 |   0.0 |      13 |       0 |   0.0
       D:13 |    9071 |    2674 |  22.8 |      22 |       3 |  12.0
       D:14 |   13467 |     925 |   6.4 |      32 |       1 |   3.0
       D:15 |    9860 |    6476 |  39.6 |      20 |      10 |  33.3
     Lair:1 |    4588 |    2482 |  35.1 |      19 |      28 |  59.6
     Lair:2 |    5685 |    2010 |  26.1 |      22 |       5 |  18.5
     Lair:3 |    7851 |    1845 |  19.0 |      32 |       8 |  20.0
     Lair:4 |    7587 |    4642 |  38.0 |      27 |       9 |  25.0
     Lair:5 |   12970 |    8105 |  38.5 |      36 |      19 |  34.5
    Swamp:1 |   14850 |     535 |   3.5 |      32 |       1 |   3.0
    Swamp:2 |   11692 |    1475 |  11.2 |      20 |       1 |   4.8
    Swamp:3 |   15045 |   15205 |  50.3 |      26 |      19 |  42.2
    Swamp:4 |    5720 |   13796 |  70.7 |      12 |      27 |  69.2
    Snake:1 |   15669 |    1259 |   7.4 |      33 |       1 |   2.9
    Snake:2 |   15551 |       0 |   0.0 |      30 |       0 |   0.0
    Snake:3 |   11513 |       0 |   0.0 |      23 |       0 |   0.0
    Snake:4 |   19774 |   31703 |  61.6 |      37 |      41 |  52.6
      Orc:1 |    4659 |     585 |  11.2 |      27 |       1 |   3.6
      Orc:2 |    4140 |   11028 |  72.7 |      44 |      37 |  45.7
   Vaults:1 |   27492 |   17249 |  38.6 |      37 |      22 |  37.3
   Vaults:2 |    7082 |       0 |   0.0 |       9 |       0 |   0.0
   Depths:1 |    4003 |       0 |   0.0 |       5 |       0 |   0.0
      Sewer |       0 |     280 | 100.0 |       0 |      41 | 100.0
     Bailey |       0 |    4118 | 100.0 |       0 |      27 | 100.0
            +---------+---------+-------+---------+---------+-------
